 Dungeon Crawl Stone Soup version 0.31-a0-1074-g0b22e4e0f1 (webtiles) character file.

Game seed: 419733885108894052

653 NogeeEf the Sneak (level 7, -1/36 HPs)
             Began as a Vampire Earth Elementalist on Dec 1, 2023.
             Slain by a black bear (4 damage)
             ... on level 5 of the Dungeon on Dec 2, 2023.
             The game lasted 00:15:37 (3812 turns).

NogeeEf the Sneak (Vampire Earth Elementalist)      Turns: 3812, Time: 00:15:38

Health: -1/36      AC:  0    Str:  1 (7)  XL:     7   Next: 28%
Magic:  6/12       EV: 21    Int:  9 (17) God:
Gold:   178        SH:  0    Dex: 15 (22) Spells: 3/13 levels left

rFire   . . .        g - melded +0 dagger
rCold   + + .        (shield currently unavailable)
rNeg    + + +        a - melded +0 robe
rPois   ∞            (helmet currently unavailable)
rElec   .            h - melded +0 cloak
rCorr   .            (gloves currently unavailable)
SInv    +            (boots currently unavailable)
Will    .....        (no amulet)
Stlth   +++++        (ring currently unavailable)
HPRegen 0.00/turn    (ring currently unavailable)
MPRegen 0.13/turn

%: no passive effects
@: bat-form, flying, very slightly contaminated, bloodless, inhibited regen,
very quick
A: fast, flying, no casting, tiny, bloodless, fangs 3, see invisible, vampiric 2
a: Revivify, End Transformation


You were on level 5 of the Dungeon.
You were a vampire bat.
You visited 2 branches of the dungeon, and saw 6 of its levels.

You collected 178 gold pieces.

Inventory:

Hand Weapons
 c - a +0 short sword
 g - a +0 dagger (melded)
 q - a +0 flail of draining
Armour
 a - a +0 robe (melded)
 h - a +0 cloak (melded)
Wands
 k - a wand of light (3)
Scrolls
 d - 2 scrolls of teleportation
 f - 2 scrolls of blinking {unknown}
 i - 2 scrolls of enchant armour {unknown}
 l - 3 scrolls of fog
 m - 3 scrolls of poison {unknown}
 o - 4 scrolls of immolation
 r - a scroll of enchant weapon {unknown}
Potions
 b - 2 potions of magic
 e - a potion of lignification
 j - 2 potions of resistance
 n - 2 potions of curing
 p - a potion of haste {unknown}


   Skills:
 + Level 3.5 Short Blades
 + Level 4.4 Dodging
 + Level 6.2 Stealth
 + Level 3.7 Spellcasting
 - Level 1.1 Transmutations
 + Level 4.6 Earth Magic


You had 3 spell levels left.
You knew the following spells:

 Your Spells              Type           Power      Damage    Failure   Level
a - Sandblast             Erth           18%        2d7       4%          1
b - Stone Arrow           Conj/Erth      10%        3d7       32%         3
c - Passwall              Tmut/Erth      5%         N/A       13%         2
d - Petrify               Tmut/Erth      6%         N/A       65%         4

Your spell library contained the following spells:

 Spells                   Type           Power      Damage    Failure   Level
 Blink                    Tloc           2%         N/A       38%         2
 Lesser Beckoning         Tloc           2%         N/A       38%         2
 Momentum Strike          Conj/Tloc      2%         3d8       38%         2
 Brom's Barrelling Bould  Conj/Erth      5%         2d3       73%         4


Dungeon Overview and Level Annotations

Branches:
Dungeon (5/15)             Temple (1/1) D:4

Altars:
Cheibriados
Dithmenos
Fedhas
Gozag
Hepliaklqana
Okawaru
Qazlal
Vehumet
Wu Jian
Xom
Yredelemnul


Innate Abilities, Weirdness & Mutations

You are a vampire bat.
You are tiny and dextrous.
You move quickly.
You are flying.
You are immune to poison.
Your equipment is almost entirely melded.
You are incapable of wielding weapons or throwing items.
You cannot cast spells.
You do not regenerate when monsters are visible.
You are frail without blood (-20% HP).
You can heal yourself when you bite living creatures.
You are immune to poison.
You have razor-sharp teeth.
You have supernaturally acute eyesight. (SInv)
You are afflicted with vampirism and can become a bat while bloodless.


Message History

The black bear bites you. The black bear barely misses you.
The black bear closely misses you.
Casting: Sandblast (safe; 3% risk of failure)
Confirm with . or Enter, or press ? or * to list all spells.
Aiming: Sandblast (safe; 3% risk of failure)
Press: ? - help, Shift-Dir - straight line, f/p - black bear
Aim: a black bear (moderately wounded, 87% to hit)
You miscast Sandblast.
You are very lightly contaminated with residual magic.
Nothing appears to happen.
The black bear barely misses you. The black bear claws you.
The black bear closely misses you.
Casting: Sandblast (safe; 3% risk of failure)
Confirm with . or Enter, or press ? or * to list all spells.
Aiming: Sandblast (safe; 3% risk of failure)
Press: ? - help, Shift-Dir - straight line, f/p - black bear
Aim: a black bear (moderately wounded, 87% to hit)
The blast of sand misses the black bear.
The black bear closely misses you.
The black bear claws you but does no damage.
The black bear closely misses you. The black bear bites you.
The black bear barely misses you. The black bear claws you.
Casting: Sandblast (safe; 3% risk of failure)
Confirm with . or Enter, or press ? or * to list all spells.
Aiming: Sandblast (safe; 3% risk of failure)
Press: ? - help, Shift-Dir - straight line, f/p - black bear
Aim: a black bear (moderately wounded, 87% to hit)
The blast of sand hits the black bear!
The black bear is heavily wounded.
The black bear bites you.
* * * LOW HITPOINT WARNING * * *
The black bear claws you but does no damage.
The black bear claws you.
* * * LOW HITPOINT WARNING * * *
You turn into a vampire bat.
Your +0 dagger melds into your body.
Your +0 cloak melds into your body.
Your +0 robe melds into your body.
You feel weakened.
You feel dopey.
You feel clumsy. The black bear bites you.
* * * LOW HITPOINT WARNING * * *
The black bear completely misses you. The black bear claws you.
You die...

.....####...#..#######
.....'........(.......
.....####...##.#######
....## ##.###.# ...##
### #.# ..## ###.#####
+## ##.......#
#....###.# #.....bh.#
#.######## #. #


You could see a black bear.

Vanquished Creatures
  An ogre (D:4)
  A phantom (D:4)
  A bullfrog (D:4)
  2 scorpions (D:4)
  2 hounds (D:4)
  An orc priest (D:4)
  An iguana (D:4)
  2 orc wizards (D:4)
  A gnoll (D:1)
  8 adders
  2 worms (D:3)
  2 dart slugs
  8 orcs
  3 bats (D:2)
  6 endoplasms
  6 giant cockroaches
  2 goblins
  6 hobgoblins
  7 kobolds
  3 quokkas
  4 ball pythons
  2 frilled lizards (D:2)
  4 rats
  A butterfly (D:4)
76 creatures vanquished.

Notes
Turn   | Place    | Note
-------+----------+-------------------------------------------
     0 | D:1      | NogeeEf the Vampire Earth Elementalist began the quest for
                  | the Orb.
     0 | D:1      | Reached XP level 1. HP: 13/13 MP: 3/3
   200 | D:1      | Reached XP level 2. HP: 11/15 MP: 0/5
   417 | D:1      | Reached skill level 1 in Short Blades
   511 | D:1      | Gained mutation: You are afflicted with vampirism and can
                  | become a bat while bloodless. [Vampire growth]
   511 | D:1      | Reached XP level 3. HP: 3/19 MP: 0/6
  1057 | D:2      | Reached skill level 4 in Stealth
  1065 | D:2      | Reached XP level 4. HP: 11/24 MP: 2/7
  1880 | D:3      | Found a stormy altar of Qazlal.
  2280 | D:4      | Noticed a phantom
  2312 | D:4      | Noticed an ogre
  2368 | D:4      | Noticed a bullfrog
  2375 | D:4      | Killed a bullfrog
  2376 | D:4      | Reached XP level 5. HP: 25/28 MP: 5/9
  2380 | D:4      | Reached skill level 5 in Stealth
  2387 | D:4      | Learned a level 3 spell: Stone Arrow
  2390 | D:4      | Learned a level 2 spell: Passwall
  2395 | D:4      | Learned a level 4 spell: Petrify
  2594 | D:4      | Reached XP level 6. HP: 30/32 MP: 6/10
  2716 | D:4      | Found a shimmering altar of Xom.
  2860 | D:4      | Found a staircase to the Ecumenical Temple.
  2870 | Temple   | Entered the Ecumenical Temple
  3190 | D:4      | Reached XP level 7. HP: 29/36 MP: 8/12
  3242 | D:4      | Reached skill level 6 in Stealth
  3418 | D:5      | Entered Level 5 of the Dungeon
  3812 | D:5      | Slain by a black bear

Illustrated notes

Levels and vault maps discovered:
D:1:      heliophobic_arrival_henge, layout_rooms
D:2:      layout_basic, minivault_14
D:3:      layout_basic, mainiacjoe_overflow_alcove_1, lemuel_tele_altar
D:4:      layout_rooms, xom_butterflies, minmay_temple_entry_slanted
D:5:      layout_loops_corners, general_overflow_altar, kennysheep_minor_cross
Temple:   grunt_temple_mini_profane

Skill      XL: |  1  2  3  4  5  6  7 |
---------------+----------------------+-----
Short Blades   | 1 2 3 |  3.5
Stealth        | 4 5 6 |  6.2
Dodging        | 3 4 |  4.4
Spellcasting   | 3 |  3.7
Earth Magic    | 4 |  4.6
Transmutations | |  1.1

Action                     |  1- 3 |  4- 6 |  7- 9 || total
---------------------------+-------+-------+-------++-------
  Melee: Short sword       |    15 |       |       ||    15
         Bite              |     4 |     5 |     1 ||    10
         Dagger            |    37 |    55 |    26 ||   118
   Cast: Sandblast         |    35 |    55 |    16 ||   106
Ability: Exsanguinate      |     1 |       |       ||     1
         Bat Form          |       |     1 |     3 ||     4
         End Transformatio |       |     1 |     2 ||     3
    Use: Scroll            |       |     5 |     1 ||     6
   Stab: Sleeping          |     9 |     9 |     4 ||    22
         Distracted        |       |     1 |       ||     1
 Armour: Robe              |    43 |    50 |    36 ||   129
         Skin              |       |       |     2 ||     2
  Dodge: Dodged            |    46 |    43 |    28 ||   117

Table legend: (Time is in decaauts)
 A = Elapsed time spent in this place.
 B = Non-inter-level travel time spent in this place.
 C = Inter-level travel time spent in this place.
 D = Time resting spent in this place.
 E = Time spent auto-exploring this place.
 F = Levels seen in this place.
 G = Mean time per level.
                   A        B        C        D        E       F      G
               +--------+--------+--------+--------+--------+-----+--------+
         Total |   3822 |   3437 |    385 |    545 |   1985 |   6 |  637.0 |
       Dungeon |   3664 |   3395 |    269 |    545 |   1985 |   5 |  732.8 |
        Temple |    157 |     41 |    116 |      0 |      0 |   1 |  157.0 |
               +--------+--------+--------+--------+--------+-----+--------+

Top non-repeatable levels by time:
     D:4: 1026 daAuts
     D:3: 934 daAuts
     D:2: 752 daAuts
     D:1: 687 daAuts
     D:5: 264 daAuts
  Temple: 157 daAuts
